 Dungeon Crawl Stone Soup version 0.31-a0-149-g3fdcc5976a (webtiles) character file.

Game seed: 7374379387428727958

610 avis the Cleaver (level 7, -13/61 HPs)
             Began as a Hill Orc Fighter on June 7, 2023.
             Was an Initiate of Beogh.
             Mangled by Pikel
             ... wielding a +2 whip of electrocution
              (16 damage)
             ... on level 5 of the Dungeon.
             The game lasted 00:19:29 (3301 turns).

avis the Cleaver (Hill Orc Fighter)                 Turns: 3301, Time: 00:19:30

Health: -13/61     AC: 11    Str: 21    XL:     7   Next: 43%
Magic:  8/8        EV:  7    Int:  8    God:    Beogh [......]
Gold:   199        SH:  4    Dex: 10    Spells: 6/6 levels left

rFire   . . .        a - +0 war axe
rCold   . . .        c - +0 buckler
rNeg    . . .        u - +0 chain mail
rPois   .            y - +2 hat
rElec   .            f - scarf {repulsion}
rCorr   .            (no gloves)
SInv    .            (no boots)
Will    .....        A - amulet of regeneration Stlth
                     (no ring)
HPRegen 1.10/turn    (no ring)
MPRegen 0.11/turn

%: repel missiles
@: mighty
A: no striking features
a: Renounce Religion


You were on level 5 of the Dungeon.
You worshipped Beogh.
Beogh was noncommittal.
You visited 2 branches of the dungeon, and saw 6 of its levels.

You collected 199 gold pieces.

Inventory:

Hand Weapons
 a - a +0 war axe (weapon)
 b - a +0 morningstar
 i - a +1 heavy dire flail
 r - a +1 dagger of speed
Missiles
 h - 4 boomerangs
 z - 2 poisoned darts
Armour
 c - a +0 buckler (worn)
 f - a scarf of repulsion (worn)
 g - a scarf of invisibility
 n - an orb of guile
 q - a +0 chain mail
 u - a +0 chain mail (worn)
 y - a +2 hat (worn)
Jewellery
 x - a ring of fire
 A - an amulet of regeneration (around neck)
Scrolls
 l - a scroll of noise {unknown}
 m - a scroll of enchant weapon {unknown}
 o - a scroll of amnesia {unknown}
 t - a scroll of silence {unknown}
 v - 2 scrolls of fog {unknown}
Potions
 d - a potion of might
 e - a potion of brilliance {unknown}
 j - a potion of resistance {unknown}
 k - 2 potions of magic
 p - a potion of enlightenment {unknown}


   Skills:
 + Level 5.6 Fighting
 * Level 9.0 Axes
 - Level 3.2 Armour
 - Level 3.2 Shields
 + Level 2.4 Invocations


You had 6 spell levels left.
You didn't know any spells.
Your spell library was empty.

Dungeon Overview and Level Annotations

Branches:
Dungeon (5/15)             Temple (1/1) D:4

Altars:
Cheibriados
Elyvilon

Annotations:
D:3 3 runed translucent doors, TrollFarmer's ghost, amateur GrCj
D:5 Pikel


Message History

Pikel closely misses you.
You barely miss Pikel.
Pikel is heavily wounded.
Pikel hits you but does no damage.
Pikel hits you with a +2 whip of electrocution!
* * * LOW HITPOINT WARNING * * *
You barely miss Pikel.
Pikel is heavily wounded.
Pikel zaps a wand.
The puff of flame hits you.
* * * LOW HITPOINT WARNING * * *
You feel better.
Pikel cracks his whip.
Pikel zaps a wand.
The puff of flame hits you.
The now-empty wand crumbles to dust.
Pikel barely misses you.
You hit Pikel but do no damage.
Pikel is heavily wounded.
Pikel barely misses you.
You closely miss Pikel.
Pikel is heavily wounded.
You block Pikel's attack. Pikel barely misses you.
You closely miss Pikel.
Pikel is heavily wounded.
Pikel hits you but does no damage.
You miss Pikel.
Pikel is heavily wounded.
Pikel hits you but does no damage.
Pikel hits you with a +2 whip of electrocution!
* * * LOW HITPOINT WARNING * * *
You are electrocuted!
* * * LOW HITPOINT WARNING * * *
You feel better.
Pikel hits you but does no damage. x2; You are electrocuted!
* * * LOW HITPOINT WARNING * * *
You feel very mighty all of a sudden. Pikel hits you but does no damage.
You closely miss Pikel.
Pikel is heavily wounded.
Pikel hits you with a +2 whip of electrocution.
* * * LOW HITPOINT WARNING * * *
You are electrocuted!
You die...

#### ### #.. ..# #.# #.#
####.###### #.# ####
#<[........# #.# #...
#.##.#####(#####.# ####.##
...##... (....5K@.# ##.##.##
###.........#####.# #.......
......## #.########.#.#.##
.#.....# #....[...)###..##
##....................##
##...
#....#.#############.###...#
#.#....# #.#.#.. ####....


You could see Pikel (fast) and a lemure.

Vanquished Creatures
  Sigmund (D:4)
  Edmund (D:5)
  Duvessa (D:5)
  2 lemures (D:5)
  3 hounds (D:4)
  A sleepcap (D:5)
  6 adders
  2 worms
  3 dart slugs
  5 orcs
  5 ball pythons
  An endoplasm (D:4)
  7 giant cockroaches
  6 goblins
  3 hobgoblins
  10 jackals
  3 kobolds
  A quokka (D:4)
  8 bats
  4 frilled lizards
  2 rats (D:1)
75 creatures vanquished.

Vanquished Creatures (others)
  Dowan (D:5)
  An orc (D:4)
  A ball python (D:4)
3 creatures vanquished.

Grand Total: 78 creatures vanquished

Notes
Turn   | Place    | Note
-------+----------+-------------------------------------------
     0 | D:1      | avis the Hill Orc Fighter began the quest for the Orb.
     0 | D:1      | Reached XP level 1. HP: 19/19 MP: 1/1
    25 | D:1      | Reached skill level 3 in Axes
    36 | D:1      | Reached XP level 2. HP: 22/27 MP: 2/2
   525 | D:1      | Reached skill level 4 in Axes
   708 | D:2      | Reached XP level 3. HP: 33/33 MP: 3/3
   881 | D:2      | Upgraded the game from 0.31-a0-145-g046c7d2549 to
                  | 0.31-a0-149-g3fdcc5976a
  1507 | D:3      | Reached XP level 4. HP: 41/41 MP: 4/4
  1655 | D:3      | Found a runed translucent gate.
  1655 | D:3      | Noticed TrollFarmer's ghost (amateur GrCj)
  1656 | D:3      | Found a runed translucent gate.
  1656 | D:3      | Found a runed translucent gate.
  1657 | D:3      | Noticed a kobold brigand
  1770 | D:3      | Reached skill level 5 in Axes
  2228 | D:4      | Reached XP level 5. HP: 39/47 MP: 5/5
  2270 | D:4      | Reached skill level 5 in Fighting
  2421 | D:4      | Reached skill level 6 in Axes
  2517 | D:4      | Became a worshipper of Beogh the Brigand
  2518 | D:4      | Noticed Sigmund
  2543 | D:4      | Killed Sigmund
  2544 | D:4      | Reached skill level 8 in Axes
  2544 | D:4      | Reached XP level 6. HP: 56/56 MP: 6/6
  2579 | D:4      | Found a staircase to the Ecumenical Temple.
  2595 | Temple   | Entered the Ecumenical Temple
  2996 | D:5      | Entered Level 5 of the Dungeon
  2996 | D:5      | Noticed Edmund
  3013 | D:5      | Killed Edmund
  3014 | D:5      | Reached skill level 1 in Invocations
  3014 | D:5      | Reached XP level 7. HP: 31/61 MP: 6/8
  3224 | D:5      | Noticed Dowan
  3225 | D:5      | Noticed Duvessa
  3232 | D:5      | Killed Dowan
  3238 | D:5      | Killed Duvessa
  3239 | D:5      | Reached skill level 9 in Axes
  3275 | D:5      | Noticed Pikel
  3299 | D:5      | HP: 3/61 [Pikel/+2 whip of electrocution (10)]
  3301 | D:5      | Mangled by Pikel

Illustrated notes

Levels and vault maps discovered:
D:1:      scummos_arrival_star, layout_basic, minmay_3d_cube
D:2:      layout_basic
D:3:      layout_loops_ring, gammafunk_ghost_nasty_kobolds
D:4:      layout_basic, minmay_temple_entry_proselytizer, grunt_ministairs_13,
          feat_on_display, uniq_sigmund
D:5:      layout_loops_ring, uniq_pikel, uniq_edmund, uniq_duvessa
Temple:   compressed_dpeg_triangle_lava_temple

Skill      XL: |  1  2  3  4  5  6  7 |
---------------+----------------------+-----
Axes           | 3 4 5 8 9 |  9.0
Fighting       | 4 5 |  5.6
Invocations    | 1 2 |  2.4
Armour         | |  3.2
Shields        | |  3.2

Action                     |  1- 3 |  4- 6 |  7- 9 || total
---------------------------+-------+-------+-------++-------
  Melee: War axe           |   118 |   100 |    53 ||   271
  Throw: Dart              |       |     2 |     8 ||    10
         Boomerang         |       |       |     3 ||     3
 Invoke: Convert to Beogh  |       |     1 |       ||     1
    Use: Scroll            |       |     5 |       ||     5
         Potion            |       |       |     3 ||     3
 Armour: Scale mail        |    49 |       |       ||    49
         Chain mail        |    17 |    50 |    23 ||    90
  Dodge: Dodged            |    71 |    33 |    16 ||   120
         Repelled          |       |       |     1 ||     1
  Block: Buckler           |    30 |    18 |    12 ||    60

Table legend: (Time is in decaauts)
 A = Elapsed time spent in this place.
 B = Non-inter-level travel time spent in this place.
 C = Inter-level travel time spent in this place.
 D = Time resting spent in this place.
 E = Time spent auto-exploring this place.
 F = Levels seen in this place.
 G = Mean time per level.
                   A        B        C        D        E       F      G
               +--------+--------+--------+--------+--------+-----+--------+
         Total |   3371 |   2956 |    415 |     34 |   1808 |   6 |  561.8 |
       Dungeon |   3353 |   2938 |    415 |     34 |   1808 |   5 |  670.6 |
        Temple |     17 |     17 |      0 |      0 |      0 |   1 |   17.0 |
               +--------+--------+--------+--------+--------+-----+--------+

Top non-repeatable levels by time:
     D:2: 826 daAuts
     D:1: 795 daAuts
     D:4: 787 daAuts
     D:3: 699 daAuts
     D:5: 245 daAuts
  Temple: 17 daAuts
